 Dungeon Crawl Stone Soup version 0.27.1-3-gb3d3a73c9e (webtiles) character file.

Game seed: 14924094677226786764

95 Urokeeper the Ducker (level 4, -5/38 HPs)
             Began as a Gnoll Gladiator on Oct 8, 2021.
             Killed by nerve-wracking pain
             ... invoked by an orc priest
              (14 damage)
             ... on level 3 of the Dungeon.
             The game lasted 00:06:33 (2786 turns).

Urokeeper the Ducker (Gnoll Gladiator)              Turns: 2786, Time: 00:06:33

Health: -5/38      AC:  5    Str: 13    XL:     4   Next: 65%
Magic:  5/5        EV: 14    Int: 13    God:
Gold:   128        SH:  0    Dex: 15    Spells: 5/5 levels left

rFire    . . .     SeeInvis .   l - +2 dagger (elec)
rCold    . . .     Faith    .   (no shield)
rNeg     . . .     Spirit   .   b - +0 leather armour
rPois    .         Reflect  .   c - +0 helmet
rElec    .         Harm     .   (no cloak)
rCorr    .         Rampage  .   (no gloves)
Will     .....                  k - +0 pair of boots
Stlth    +.........             (no amulet)
HPRegen  0.12/turn              j - +6 ring of intelligence
MPRegen  0.09/turn              (no ring)

@: on berserk cooldown, slowed, very slow
A: fangs 1, strong nose, distributed training
a: no special abilities


You were on level 3 of the Dungeon.
You visited 1 branch of the dungeon, and saw 3 of its levels.

You collected 128 gold pieces.

Inventory:

Hand Weapons
 a - a +0 rapier
 l - a +2 dagger of electrocution (weapon)
Missiles
 d - 3 throwing nets (quivered)
Armour
 b - a +0 leather armour (worn)
 c - a +0 helmet (worn)
 k - a +0 pair of boots (worn)
 n - a scarf of invisibility
Jewellery
 j - a +6 ring of intelligence (left hand)
Wands
 o - a wand of iceblast (6)
 s - a wand of flame (8)
Scrolls
 f - 2 scrolls of noise
 h - 2 scrolls of fear {unknown}
 m - a scroll of blinking {unknown}
 q - a scroll of enchant armour {unknown}
 r - a scroll of teleportation {unknown}
Potions
 g - a potion of mutation
 i - a potion of heal wounds
 p - a potion of magic {unknown}


   Skills:
 + Level 4.6 Fighting
 + Level 6.6 Short Blades
 + Level 1.2 Long Blades
 + Level 1.2 Axes
 + Level 1.2 Maces & Flails
 + Level 1.2 Polearms
 + Level 1.2 Staves
 + Level 1.2 Slings
 + Level 1.2 Bows
 + Level 1.2 Crossbows
 + Level 4.6 Throwing
 + Level 1.2 Armour
 + Level 6.6 Dodging
 + Level 1.2 Stealth
 + Level 1.2 Shields
 + Level 1.2 Unarmed Combat
 + Level 1.2 Spellcasting
 + Level 1.0 Conjurations
 + Level 1.0 Hexes
 + Level 1.0 Summonings
 + Level 1.0 Necromancy
 + Level 1.0 Translocations
 + Level 1.0 Transmutations
 + Level 1.0 Fire Magic
 + Level 1.0 Ice Magic
 + Level 1.0 Air Magic
 + Level 1.0 Earth Magic
 + Level 1.0 Poison Magic
 + Level 1.3 Invocations
 + Level 1.2 Evocations


You had 5 spell levels left.
You didn't know any spells.
Your spell library was empty.

Dungeon Overview and Level Annotations

Branches:
Dungeon (3/15)

Altars:
Fedhas

Annotations:
D:3 1 transporter


Innate Abilities, Weirdness & Mutations

You have very sharp teeth.
Your uncanny sense of smell can sniff out nearby items.
Your experience applies equally to all skills.


Message History

You are no longer berserk.
You are exhausted.
You feel yourself slow down.
There is a transporter landing site here.
You can't go up here!
You can't go down here!
You can't go up here!
You can't go down here!
You can't go up here!
You can't go down here!
You can't go up here!
You can't go down here!
You can't go up here!
You can't go down here!
You can't go up here!
A shadow imp is nearby!
A shadow imp is nearby!
A shadow imp is nearby!
A shadow imp is nearby!
A shadow imp is nearby!
A shadow imp is nearby!
The shadow imp summons a swarm of flies.
The shadow imp gestures at you. Pain shoots through your body!
* * * LOW HITPOINT WARNING * * *
The shadow imp gestures at you. Pain shoots through your body!
* * * LOW HITPOINT WARNING * * *
The shadow imp shouts, "Escape, thou dissembling weevil-witted measle!"
The shadow imp shouts, "Slither home, thou gleeking fob-snatching tiddler!"
The shadow imp laughs crazily.
The shadow imp shouts, "Crawl home, thou peeagling hasty-witted dewberry!"
There is an open door here.
The orc priest invokes the aid of Beogh against you.
You barely resist.
You enter the shallow water.
Moving in this stuff is going to be slow.
The orc priest invokes the aid of Beogh against you.
Pain shoots through your body!
You die...

..# #.# #........##### ..# #.#
#.....÷©.....# ..#
#.####..#########.#
..###.......#8P.©.P8#.#
.....######.#P.....P#.# ..##.#
#.####'####.# #.##.#
#.#.≈...≈.#.# ##.#.#
#.#o≈...≈5#.# #.##.#
#.#5≈≈@P≈5#.### .###.#
#.#.≈≈♣≈≈.#...#
.....######.#$≈≈P≈≈.#.#.#
............#.≈...≈.#.#.##
###########.#.≈...≈.#....######
# #.####+####.........## #
#.#≈.?[..≈#..........# ######
#.#8P$©$P8#.#..####..# .....#
#.#########....# #..#


You could see an orc priest and 3 shadow imps.

Vanquished Creatures
  4 adders
  3 dart slugs (D:1)
  5 ball pythons
  6 bats
  5 endoplasms
  2 giant cockroaches (D:1)
  A goblin (D:1)
  4 hobgoblins
  5 jackals
  4 kobolds
  3 quokkas (D:1)
  2 frilled lizards (D:1)
  8 rats
52 creatures vanquished.

Notes
Turn   | Place    | Note
-------+----------+-------------------------------------------
     0 | D:1      | Urokeeper the Gnoll Gladiator began the quest for the Orb.
     0 | D:1      | Reached XP level 1. HP: 20/20 MP: 1/1
    88 | D:1      | Found a faded altar of an unknown god.
   291 | D:1      | Reached XP level 2. HP: 25/26 MP: 2/2
   531 | D:1      | Reached XP level 3. HP: 17/31 MP: 3/3
   812 | D:1      | Reached skill level 1 in Invocations
  1610 | D:2      | Reached skill level 1 in Long Blades
  1610 | D:2      | Reached skill level 1 in Axes
  1610 | D:2      | Reached skill level 1 in Maces & Flails
  1610 | D:2      | Reached skill level 1 in Polearms
  1610 | D:2      | Reached skill level 1 in Staves
  1610 | D:2      | Reached skill level 1 in Slings
  1610 | D:2      | Reached skill level 1 in Bows
  1610 | D:2      | Reached skill level 1 in Crossbows
  1610 | D:2      | Reached skill level 1 in Armour
  1610 | D:2      | Reached skill level 1 in Stealth
  1610 | D:2      | Reached skill level 1 in Shields
  1610 | D:2      | Reached skill level 1 in Unarmed Combat
  1610 | D:2      | Reached skill level 1 in Spellcasting
  1610 | D:2      | Reached skill level 1 in Evocations
  1610 | D:2      | Reached XP level 4. HP: 38/38 MP: 5/5
  2183 | D:3      | Found a blossoming altar of Fedhas.
  2327 | D:3      | Reached skill level 1 in Conjurations
  2327 | D:3      | Reached skill level 1 in Hexes
  2327 | D:3      | Reached skill level 1 in Summonings
  2327 | D:3      | Reached skill level 1 in Necromancy
  2327 | D:3      | Reached skill level 1 in Translocations
  2327 | D:3      | Reached skill level 1 in Transmutations
  2327 | D:3      | Reached skill level 1 in Fire Magic
  2327 | D:3      | Reached skill level 1 in Ice Magic
  2327 | D:3      | Reached skill level 1 in Air Magic
  2327 | D:3      | Reached skill level 1 in Earth Magic
  2327 | D:3      | Reached skill level 1 in Poison Magic
  2407 | D:3      | Found a transporter.
  2412 | D:3      | Found a transporter.
  2786 | D:3      | Killed from afar by an orc priest

Illustrated notes

Levels and vault maps discovered:
D:1:      minmay_arrival_open_corners, layout_basic, basic_ecumenical_altar,
          corner_web_ring, roderic_lattice_a, minmay_hexomino_p4
D:2:      layout_basic, serial_curves, eino_curves_01, eino_curves_03,
          eino_curves_03
D:3:      gammafunk_wand_slinger, layout_loops_ring, fedhas_ov_isle_minmay

Skill      XL: |  1  2  3  4 |
---------------+-------------+-----
Invocations    | 1 |  1.3
Long Blades    | 1 |  1.2
Axes           | 1 |  1.2
Maces & Flails | 1 |  1.2
Polearms       | 1 |  1.2
Staves         | 1 |  1.2
Slings         | 1 |  1.2
Bows           | 1 |  1.2
Crossbows      | 1 |  1.2
Armour         | 1 |  1.2
Stealth        | 1 |  1.2
Shields        | 1 |  1.2
Unarmed Combat | 1 |  1.2
Spellcasting   | 1 |  1.2
Evocations     | 1 |  1.2
Conjurations   | 1 |  1.0
Hexes          | 1 |  1.0
Summonings     | 1 |  1.0
Necromancy     | 1 |  1.0
Translocations | 1 |  1.0
Transmutations | 1 |  1.0
Fire Magic     | 1 |  1.0
Ice Magic      | 1 |  1.0
Air Magic      | 1 |  1.0
Earth Magic    | 1 |  1.0
Poison Magic   | 1 |  1.0
Fighting       | |  4.6
Short Blades   | |  6.6
Throwing       | |  4.6
Dodging        | |  6.6

Action                   |  1- 3 |  4- 6 || total
-------------------------+-------+-------++-------
Melee: Rapier            |   110 |       ||   110
       Bite              |    14 |     2 ||    16
       Punch             |     1 |       ||     1
       Dagger            |       |    25 ||    25
  Use: Scroll            |     4 |       ||     4
       Potion            |       |     1 ||     1
 Stab: Sleeping          |     5 |     3 ||     8
Armor: Leather armour    |    26 |     2 ||    28
Dodge: Dodged            |    88 |     9 ||    97
